 Dungeon Crawl Stone Soup version 0.30-a0-23-ge60ba3568b (webtiles) character file.

Game seed: 4450578498249920903

3248 ytrimaz the Cleaver (level 9, -6/66 HPs)
             Began as a Demonspawn Fighter on Aug 24, 2022.
             Was a Priest of Cheibriados.
             Mangled by Erica
             ... wielding a +2 scimitar of flaming
              (10 damage)
             ... on level 8 of the Dungeon.
             The game lasted 00:07:28 (8024 turns).

ytrimaz the Cleaver (Demonspawn Fighter)            Turns: 8024, Time: 00:07:29

Health: -6/66      AC: 24    Str: 29    XL:     9   Next: 67%
Magic:  12/12      EV: 10    Int: 17    God:    Cheibriados [***...]
Gold:   418        SH:  0    Dex: 21    Spells: 8/8 levels left

rFire   . . .      SeeInvis .    x - +0 battleaxe
rCold   + . .      Faith    .    (shield currently unavailable)
rNeg    + . .      Spirit   .    s - +4 scale mail {rC+}
rPois   +          Reflect  .    (helmet restricted)
rElec   .          Harm     .    j - +2 cloak
rCorr   .          Rampage  .    f - +0 pair of gloves
Will    .....                    (no boots)
Stlth   ..........               (no amulet)
HPRegen 0.21/turn                e - ring of positive energy
MPRegen 0.13/turn                v - ring of poison resistance

@: mighty, lethally poisoned (-6 -> -30), sanguine armoured, slowed, invisible,
very slow
A: antennae 1, ignite blood 2, sanguine armour 2
a: Renounce Religion, Bend Time, Temporal Distortion


You were on level 8 of the Dungeon.
You worshipped Cheibriados.
Cheibriados was most pleased with you.
You visited 2 branches of the dungeon, and saw 9 of its levels.

You collected 418 gold pieces.

Inventory:

Hand Weapons
 a - a +0 war axe
 w - a +2 vorpal hand axe
 x - a +0 battleaxe (weapon)
Missiles
 u - a throwing net (quivered)
Armour
 b - a +0 scale mail
 c - a +0 buckler
 f - a +0 pair of gloves (worn)
 j - a +2 cloak (worn)
 s - a +4 scale mail of cold resistance (worn)
Jewellery
 d - the ring of Sisarrogom {rPois rF- rC+ Will+}
   (You found it on level 6 of the Dungeon)

   [ring of protection from cold]

   rF:        It makes you vulnerable to fire.
   rC:        It protects you from cold.
   rPois:     It protects you from poison.
   Will:      It increases your willpower.
 e - a ring of positive energy (left hand)
 t - a ring of fire
 v - a ring of poison resistance (right hand)
Wands
 h - a wand of roots (8)
Scrolls
 l - 2 scrolls of poison
 m - a scroll of teleportation
 o - 2 scrolls of amnesia
 y - a scroll of enchant armour
Potions
 g - a potion of cancellation
 i - a potion of flight {unknown}
 n - 3 potions of curing
 p - a potion of attraction {unknown}
 q - 2 potions of haste {unknown}
 r - 2 potions of ambrosia
 C - a potion of brilliance {unknown}


   Skills:
 - Level 4.3 Fighting
 * Level 11.4 Axes
 - Level 3.7 Armour
 - Level 2.6 Shields
 * Level 5.1 Invocations


You had 8 spell levels left.
You didn't know any spells.
Your spell library contained the following spells:

 Spells                   Type           Power      Damage    Failure   Level
 Foxfire                  Conj/Fire      0%         2x1d4     43%         1
 Necrotise                Necr           0%         1d4       43%         1
 Conjure Flame            Conj/Fire      0%         6-21      82%         3
 Inner Flame              Hex/Fire       0%         N/A       82%         3
 Vampiric Draining        Necr           0%         2d6       82%         3
 Flame Wave               Conj/Fire      0%         2d4       99%         4
 Agony                    Necr           0%         N/A       100%        5


Dungeon Overview and Level Annotations

Branches:
Dungeon (8/15)             Temple (1/1) D:4
   Lair: D:8-11

Altars:
Ashenzari
Cheibriados
Dithmenos
Fedhas
Gozag
Hepliaklqana
Kikubaaqudgha
Makhleb
Nemelex Xobeh
Okawaru
Qazlal
Ru
Sif Muna
Trog
Uskayaw
Vehumet
Wu Jian
Xom
Yredelemnul

Annotations:
D:4 3 runed translucent doors, Valamore's ghost, amateur OpEE; themarg's ghost, novice GnTm
D:8 Erica


Innate Abilities, Weirdness & Mutations

You have a pair of small antennae on your head.
Your demonic aura often causes spilled blood to erupt in flames.
When seriously injured, your blood forms thick armour. (AC +9)


Message History

* * * LOW HITPOINT WARNING * * *
Something burns you.
* * * LOW HITPOINT WARNING * * *
Unknown command.
You feel better.
You hear some strange, mumbled words.
You feel yourself slow down.
Unknown command.
You fade into invisibility!
Something hits you but does no damage. Something completely misses you.
Unknown command.
Unknown command.
You miss something.
Erica appears from thin air!
Reactivating autopickup.
Erica hits you with a +2 scimitar of flaming.
* * * LOW HITPOINT WARNING * * *
Erica burns you.
* * * LOW HITPOINT WARNING * * *
Unknown command.
Unknown command.
You slash Erica!
Erica is moderately wounded.
Erica points at you and mumbles some strange words.
The bolt of poison hits you.
You are lethally poisoned!
You resist.
* * * LOW HITPOINT WARNING * * *
Erica hits you but does no damage.
Unknown command.
You slash Erica!
Erica is heavily wounded.
* * * LOW HITPOINT WARNING * * *
You feel very sick. Erica gestures at you while chanting.
The bolt of poison hits you.
You are more poisoned.
You resist.
* * * LOW HITPOINT WARNING * * *
Erica hits you with a +2 scimitar of flaming!
You die...

#.....###########
##+#####.....#..........
#......#........########
#......#........####
#......#...........#
#......###.........#
#......###.#.......#
#......†...........#
#......@>............
#......@.###.......##
#........###......[#
##.#.##...........## #
#.##.########### #....#
#....# #....# #...##


You could see Erica (unable to see you).

Vanquished Creatures
  A cyclops (D:6)
  Grinder (D:5)
  Duvessa (D:4)
  A water moccasin (D:8)
  3 sky beasts (D:7)
  2 orc warriors (D:6)
  2 centaurs (D:6)
  2 ogres (D:6)
  2 phantoms
  5 bullfrogs
  A necrophage (D:6)
  2 scorpions
  Dowan (D:4)
  3 jellies
  6 hounds
  Crazy Yiuf (D:2)
  3 orc priests
  3 iguanas
  Natasha (D:2)
  Terence (D:2)
  A gnoll bouda (D:6)
  4 orc wizards
  Robin (D:4)
  14 adders
  8 gnolls
  A shadow imp (D:5)
  2 white imps (D:7)
  2 ufetubi
  2 dart slugs (D:1)
  22 orcs
  5 ball pythons
  5 endoplasms
  2 giant cockroaches
  15 goblins
  5 hobgoblins (D:4)
  3 jackals (D:1)
  A quokka (D:1)
  4 bats
  2 frilled lizards
  2 kobolds (D:2)
  4 rats
147 creatures vanquished.

Vanquished Creatures (others)
  An orc priest (D:6)
  A goblin (D:4)
2 creatures vanquished.

Grand Total: 149 creatures vanquished

Notes
Turn   | Place    | Note
-------+----------+-------------------------------------------
     0 | D:1      | ytrimaz the Demonspawn Fighter began the quest for the Orb.
     0 | D:1      | Reached XP level 1. HP: 18/18 MP: 1/1
   161 | D:1      | Found a faded altar of an unknown god.
   196 | D:1      | Reached skill level 2 in Axes
   380 | D:1      | Gained mutation: Your demonic aura sometimes causes spilled
                  | blood to erupt in flames. [demonic ancestry]
   380 | D:1      | Reached XP level 2. HP: 16/24 MP: 2/2
   964 | D:2      | Gained mutation: Your demonic aura often causes spilled
                  | blood to erupt in flames. [demonic ancestry]
   964 | D:2      | Reached XP level 3. HP: 23/29 MP: 3/3
  1400 | D:2      | Found a runed translucent door.
  1401 | D:2      | Noticed Crazy Yiuf
  1501 | D:2      | Noticed Terence
  1508 | D:2      | Killed Terence
  1509 | D:2      | Reached skill level 3 in Axes
  1637 | D:2      | Noticed Natasha
  1644 | D:2      | Killed Natasha
  1645 | D:2      | Gained mutation: When seriously injured, your blood forms
                  | armour. (AC +9) [demonic ancestry]
  1645 | D:2      | Reached XP level 4. HP: 17/37 MP: 4/4
  2226 | D:2      | Killed Crazy Yiuf
  2450 | D:3      | Noticed a phantom
  2478 | D:3      | Killed a phantom
  2479 | D:3      | Reached skill level 4 in Axes
  2479 | D:3      | Gained mutation: When seriously injured, your blood forms
                  | thick armour. (AC +9) [demonic ancestry]
  2479 | D:3      | Reached XP level 5. HP: 13/42 MP: 5/5
  3330 | D:4      | Reached skill level 5 in Axes
  3330 | D:4      | Gained mutation: You have a pair of small antennae on your
                  | head. [demonic ancestry]
  3330 | D:4      | Reached XP level 6. HP: 16/48 MP: 6/6
  3577 | D:4      | Found a staircase to the Ecumenical Temple.
  3590 | Temple   | Entered the Ecumenical Temple
  3677 | Temple   | Became a worshipper of Cheibriados the Contemplative
  3722 | D:4      | Noticed Robin
  3739 | D:4      | Killed Robin
  3977 | D:4      | Reached * piety under Cheibriados
  4191 | D:4      | Found a runed translucent gate.
  4192 | D:4      | Found a runed translucent gate.
  4193 | D:4      | Found a runed translucent gate.
  4193 | D:4      | Noticed Valamore's ghost (amateur OpEE)
  4193 | D:4      | Noticed themarg's ghost (novice GnTm)
  4412 | D:4      | Found a burning altar of Makhleb.
  4552 | D:4      | Noticed Duvessa
  4553 | D:4      | Noticed Dowan
  4568 | D:4      | Killed Duvessa
  4569 | D:4      | Killed Dowan
  4570 | D:4      | Reached skill level 6 in Axes
  4570 | D:4      | Reached XP level 7. HP: 40/54 MP: 7/7
  4990 | D:5      | Entered Level 5 of the Dungeon
  5180 | D:5      | Reached ** piety under Cheibriados
  5365 | D:5      | Reached skill level 1 in Invocations
  5402 | D:5      | Reached skill level 7 in Axes
  5480 | D:5      | Noticed Grinder
  5505 | D:5      | Paralysed by Grinder for 3 turns
  5509 | D:5      | Killed Grinder
  5510 | D:5      | Reached XP level 8. HP: 48/61 MP: 9/9
  5735 | D:5      | Reached skill level 8 in Axes
  6095 | D:6      | Noticed a cyclops
  6105 | D:6      | Killed a cyclops
  6106 | D:6      | Reached skill level 9 in Axes
  6116 | D:6      | HP: 4/91 [ogre/+0 giant club (15)]
  6230 | D:6      | Identified the +3 flail of Gehenna {holy, rC+ Will+ rCorr}
  6295 | D:6      | Reached XP level 9. HP: 54/66 MP: 12/12
  6375 | D:6      | Reached skill level 10 in Axes
  6579 | D:6      | Identified the ring of Sisarrogom {rPois rF- rC+ Will+}
  6682 | D:6      | Reached *** piety under Cheibriados
  6802 | D:6      | Found a shadowy altar of Dithmenos.
  6964 | D:6      | Found a blossoming altar of Fedhas.
  6968 | D:6      | Found an iron altar of Okawaru.
  7222 | D:7      | Reached skill level 11 in Axes
  7420 | D:7      | Found a hide-covered altar of Uskayaw.
  7554 | D:7      | Reached skill level 5 in Invocations
  7565 | D:7      | Identified the +0 long sword "Itetuck" {freeze, rPois Int-2
                  | SInv}
  7768 | D:7      | Found a stormy altar of Qazlal.
  8005 | D:8      | Noticed Erica
  8016 | D:8      | HP: 2/66 [something (2)]
  8024 | D:8      | Mangled by Erica

Illustrated notes

Levels and vault maps discovered:
D:1:      dpeg_arrival_stonehenge_8_columns, layout_basic,
          shapermc_ecumenical_altar_starsandcircs, kennysheep_crisscross,
          minmay_misc_feat_roman, wad_floor_pattern_1, corner_web_ring
D:2:      cheibrodos_helix_gallery, layout_loops_corners, uniq_natasha,
          uniq_terence, uniq_crazy_yiuf_cottage
D:3:      layout_loops_ring
D:4:      layout_basic, general_overflow_altar, minmay_temple_entry_statues,
          gammafunk_ghost_cemetery, uniq_robin, uniq_duvessa
D:5:      layout_basic, uniq_grinder
D:6:      hangedman_cross_stitches, layout_loops_cross,
          nicolae_dithmenos_the_darkroom, minitemple
D:7:      layout_basic, mainiacjoe_overflow_paths,
          nicolae_qazlal_eye_of_the_storm
D:8:      layout_basic, uniq_erica
Temple:   hellmonk_temple_of_storms

Skill      XL: |  1  2  3  4  5  6  7  8  9 |
---------------+----------------------------+-----
Axes           | 2 3 4 5 6 7 9 11 | 11.4
Armour         | 3 |  3.7
Fighting       | 4 |  4.3
Invocations    | 2 4 5 |  5.1
Shields        | |  2.6

Action                   |  1- 3 |  4- 6 |  7- 9 || total
-------------------------+-------+-------+-------++-------
Melee: War axe           |    79 |   154 |   117 ||   350
       Hand axe          |       |       |    68 ||    68
       Battleaxe         |       |       |    10 ||    10
  Use: Scroll            |     1 |     5 |     4 ||    10
       Potion            |       |       |     8 ||     8
Armor: Scale mail        |    42 |     1 |   126 ||   169
       Plate armour      |       |   105 |       ||   105
       Skin              |       |       |     3 ||     3
Dodge: Dodged            |    56 |    39 |    80 ||   175
Block: Buckler           |    28 |    49 |    40 ||   117

Table legend: (Time is in decaauts)
 A = Elapsed time spent in this place.
 B = Non-inter-level travel time spent in this place.
 C = Inter-level travel time spent in this place.
 D = Time resting spent in this place.
 E = Time spent auto-exploring this place.
 F = Levels seen in this place.
 G = Mean time per level.
                   A        B        C        D        E       F      G
               +--------+--------+--------+--------+--------+-----+--------+
         Total |   9577 |   9321 |    256 |    106 |   7850 |   9 | 1064.1 |
       Dungeon |   9473 |   9230 |    243 |    106 |   7828 |   8 | 1184.1 |
        Temple |    103 |     91 |     12 |      0 |     22 |   1 |  103.0 |
               +--------+--------+--------+--------+--------+-----+--------+

Top non-repeatable levels by time:
     D:4: 1991 daAuts
     D:2: 1550 daAuts
     D:5: 1414 daAuts
     D:6: 1357 daAuts
     D:7: 1194 daAuts
     D:3: 970 daAuts
     D:1: 798 daAuts
     D:8: 195 daAuts
  Temple: 103 daAuts
